 Dungeon Crawl Stone Soup version 0.28.0 (webtiles) character file.

Game seed: 14993562224659681737

12 sanka the Magician (level 2, -1/16 HPs)
             Began as a Deep Elf Transmuter on Feb 8, 2022.
             Frozen to death by an endoplasm (2 damage)
             ... on level 1 of the Dungeon.
             The game lasted 00:00:53 (976 turns).

sanka the Magician (Deep Elf Transmuter)             Turns: 976, Time: 00:00:55

Health: -1/16      AC:  2    Str:  7    XL:     2   Next: 20%
Magic:  9/9        EV: 12    Int: 17    God:
Gold:   3          SH:  0    Dex: 15    Spells: 8/9 levels left

rFire   . . .      SeeInvis .     - Unarmed
rCold   . . .      Faith    .   (no shield)
rNeg    . . .      Spirit   .   a - +0 robe
rPois   .          Reflect  .   (helmet currently unavailable)
rElec   .          Harm     .   (no cloak)
rCorr   .          Rampage  .   (no gloves)
Will    .....                   (boots currently unavailable)
Stlth   +.........              (no amulet)
HPRegen 0.05/turn               (no ring)
MPRegen 0.11/turn               (no ring)

@: appendages (expiring)
A: horns 2, talons 2
a: End Transformation


You were on level 1 of the Dungeon.
You had temporarily grown beastly horns and talons.
You visited 1 branch of the dungeon, and saw 1 of its levels.

You collected 3 gold pieces.

Inventory:

Armour
 a - a +0 robe (worn)


   Skills:
 - Level 0.7 Fighting
 - Level 2.4 Dodging
 - Level 2.4 Unarmed Combat
 - Level 4.0 Spellcasting
 + Level 2.3 Transmutations
 + Level 0.3 Poison Magic


You had 8 spell levels left.
You knew the following spells:

 Your Spells              Type           Power      Damage    Failure   Level
a - Beastly Appendage     Tmut           22%        N/A       6%          1

Your spell library contained the following spells:

 Spells                   Type           Power      Damage    Failure   Level
 Wereblood                Tmut           11%        N/A       10%         2
 Spider Form              Tmut/Pois      7%         N/A       26%         3
 Ice Form                 Ice/Tmut       7%         N/A       69%         4


Dungeon Overview and Level Annotations

Branches:
Dungeon (1/15)

Altars:


Innate Abilities, Weirdness & Mutations

You have temporarily grown beastly horns and talons.


Message History

An endoplasm comes into view.
An endoplasm is nearby!
You grow a pair of large bovine horns.
Your feet morph into talons.
A bat comes into view.
Found a leather armour.
You closely miss the bat. The bat closely misses you.
You barely miss the bat. The bat hits you but does no damage.
The bat hits you but does no damage. The endoplasm freezes you.
You are frozen.
You hit the endoplasm. Your kick misses the endoplasm.
The endoplasm is lightly wounded.
Your transformation is almost over.
The bat hits you but does no damage. The endoplasm hits you.
You hit the endoplasm.
The endoplasm is heavily wounded.
The bat hits you but does no damage. The endoplasm freezes you.
You are frozen.
You are too injured to fight recklessly!
You are too injured to fight recklessly!
You are too injured to fight recklessly!
You hit the endoplasm but do no damage.
You claw the endoplasm, but do no damage.
The endoplasm is heavily wounded.
The endoplasm freezes you.
You are frozen.
The bat hits you but does no damage.
You hit the endoplasm but do no damage. Your kick misses the endoplasm.
The endoplasm is heavily wounded.
The bat hits you but does no damage. The endoplasm freezes you.
You are frozen.
* * * LOW HITPOINT WARNING * * *
You hit the endoplasm but do no damage.
The endoplasm is heavily wounded.
The bat barely misses you. The bat hits you.
* * * LOW HITPOINT WARNING * * *
The endoplasm freezes you.
You are frozen.
You die...

........#.## #...# ##.##...
........##.#### #...#
####.######
###.....###...####'####...##
.. #.....# ####.........####
.. #.....# ###########.# ..
#.....# ####....# #...
#########....##.# #...
.[...........##.# #...
......b@.....##.#####...
......J......#......+...
......###....#..#####...
....## ####.#..# #... ...
#.#..#####... ..
..#....(..... . .#..........
#.......... #.....#####


You could see an endoplasm and a bat.

Vanquished Creatures
  2 bats (D:1)
  3 endoplasms (D:1)
  A hobgoblin (D:1)
  A kobold (D:1)
  A quokka (D:1)
  A goblin (D:1)
  A rat (D:1)
10 creatures vanquished.

Notes
Turn   | Place    | Note
-------+----------+-------------------------------------------
     0 | D:1      | sanka the Deep Elf Transmuter began the quest for the Orb.
     0 | D:1      | Reached XP level 1. HP: 11/11 MP: 6/6
   753 | D:1      | Reached skill level 4 in Spellcasting
   753 | D:1      | Reached XP level 2. HP: 16/16 MP: 7/9
   976 | D:1      | Frozen to death by an endoplasm

Illustrated notes

Levels and vault maps discovered:
D:1:      dpeg_arrival_another_circle, layout_basic,
          hangedman_abyss_or_decor_stabs

Skill      XL: |  1 |
---------------+----+-----
Spellcasting   | 4 |  4.0
Fighting       | |  0.7
Dodging        | |  2.4
Unarmed Combat | |  2.4
Transmutations | |  2.3
Poison Magic   | |  0.3

Action                   || total
-------------------------++-------
Melee: Unarmed           ||    41
       Headbutt          ||     6
       Kick              ||     4
       Punch             ||     1
 Cast: Beastly Appendage ||    10
Armor: Robe              ||    11
Dodge: Dodged            ||    22
